Map: Data-C

Players

A.I. 1 (Very Easy)

  • Race: Terran Terran
  • Spawn Location: 3:00

Richard - Winner!

  • Race: Zerg Zerg
  • League: Master
  • Spawn Location: 9:00

VOD

Have the link to the VOD?

Description

Time

  • Played on: Dec. 13, 2022, 12:57 a.m.
  • Length: 9:26
Show
View Real Time Build Order
Export as new Build Order

A.I. 1 (Very Easy) Terran 

Build Orders: Reaper Expand 

Get SALT Encoding   

  12  0:00  SCV  
  13  0:13  SCV  
  14  0:18  Supply Depot  
  14  0:42  Barracks  
  14  1:02  Command Center  
  14  1:31  Orbital Command, Supply Depot  
  14  1:32  Marine  
  15  1:38  Refinery  
  15  1:50  Refinery  
  15  1:57  SCV  
  16  2:09  SCV  
  16  2:15  SCV  
  18  2:17  Reaper  
  18  2:22  SCV  
  20  2:29  SCV  
  21  2:36  SCV  
  22  2:44  SCV  
  23  2:51  SCV, Refinery  
  24  2:58  SCV  
  24  2:59  Marine  
  26  3:05  SCV  
  27  3:13  SCV  
  27  3:18  Factory  
  28  3:20  SCV  
  29  3:41  Marine, Refinery  
  29  3:42  SCV  
  31  3:49  SCV  
  31  3:55  Supply Depot  
  32  3:56  SCV  
  33  4:04  SCV  
  33  4:05  Starport  
  34  4:12  SCV  
  35  4:19  SCV  
  36  4:24  Reaper  
  36  4:26  SCV  
  38  4:33  SCV  
  38  4:37  Supply Depot  
  39  4:40  SCV  
  39  4:41  Starport Tech Lab  
  40  4:47  SCV  
  41  4:55  SCV  
  41  4:57  Barracks Tech Lab  
  41  4:59  Raven  
  44  5:02  SCV  
  45  5:09  SCV  
  46  5:15  Marine  
  46  5:16  SCV  
  48  5:42  Raven  
  50  5:57  Marine  
  51  6:40  Marauder  
  53  8:57  Marine  
  53  9:00  Supply Depot  
  53  9:02  SCV  
Show
View Real Time Build Order
Export as new Build Order

Richard Zerg - Winner!

Build Orders: Hatch First 

Get SALT Encoding   

  12  0:00  Drone  
  13  0:12  Overlord  
  13  0:16  Drone  
  14  0:32  Drone x2  
  16  0:49  Hatchery  
  15  0:53  Drone  
  15  0:55  Drone  
  17  0:59  Drone  
  18  1:10  Extractor  
  17  1:14  Spawning Pool  
  17  1:17  Drone  
  17  1:20  Drone  
  18  1:28  Drone  
  19  1:38  Drone  
  20  1:49  Drone  
  21  2:02  Overlord  
  21  2:03  Queen x2  
  21  2:05  Zergling x2  
  26  2:11  Zergling x2  
  26  2:15  Metabolic Boost  
  27  2:16  Drone  
  28  2:23  Drone x2  
  30  2:37  Drone  
  30  2:38  Hatchery  
  30  2:43  Drone x2  
  32  2:48  Overlord  
  32  2:53  Queen  
  32  2:57  Drone  
  35  2:58  Drone  
  35  3:04  Overlord  
  36  3:09  Drone  
  37  3:19  Drone  
  38  3:21  Drone x4  
  42  3:27  Overlord  
  42  3:29  Queen  
  42  3:33  Queen  
  46  3:37  Drone  
  46  3:39  Zergling x2  
  48  3:47  Zergling x2  
  48  3:48  Zergling x4  
  51  3:51  Queen  
  51  3:52  Drone x3  
  56  3:56  Overlord  
  56  3:59  Overlord  
  56  4:04  Drone, Roach Warren  
  56  4:05  Drone  
  56  4:07  Drone  
  58  4:15  Drone x4  
  62  4:18  Drone  
  62  4:23  Drone  
  64  4:24  Drone  
  64  4:26  Queen  
  64  4:30  Overlord  
  67  4:32  Lair  
  67  4:33  Spore Crawler  
  67  4:35  Spore Crawler  
  67  4:38  Spore Crawler, Drone  
  64  4:40  Drone  
  64  4:42  Drone x2  
  68  4:45  Overlord  
  68  4:50  Drone x4  
  72  4:53  Overlord  
  72  4:55  Drone  
  72  4:58  Roach x2  
  77  5:02  Roach x2  
  77  5:05  Roach  
  83  5:09  Overlord  
  83  5:17  Drone x2  
  83  5:18  Drone x2  
  87  5:21  Drone  
  87  5:22  Drone x2, Hatchery  
  87  5:24  Drone x2  
  87  5:25  Baneling Nest  
  87  5:27  Extractor  
  89  5:29  Extractor  
  89  5:30  Drone, Extractor  
  89  5:31  Drone x2  
  89  5:33  Overseer  
  89  5:35  Drone x3  
  92  5:36  Drone  
  92  5:40  Extractor  
  93  5:44  Drone x2  
  95  5:50  Evolution Chamber  
  95  5:53  Zergling x12  
  95  5:56  Evolution Chamber  
  99  5:57  Drone  
  99  5:58  Hatchery  
  99  6:00  Hydralisk Den  
  99  6:01  Drone  
  99  6:11  Overlord  
  99  6:12  Overlord x2  
  99  6:14  Centrifugal Hooks  
  99  6:17  Zerg Ground Armor Level 1  
  100  6:18  Zergling x6  
  100  6:22  Overseer  
  102  6:30  Zergling x8  
  102  6:32  Zerg Melee Weapons Level 1  
  106  6:35  Grooved Spines  
  106  6:36  Overlord x3  
  106  6:38  Zergling x6  
  109  6:49  Zergling x18  
  118  7:01  Hydralisk  
  118  7:02  Hydralisk x5  
  130  7:20  Overlord x2, Hydralisk  
  130  7:21  Hydralisk x2  
  130  7:22  Zergling x16  
  144  7:40  Hydralisk x6  
  144  7:43  Zergling x14  
  163  7:46  Muscular Augments  
  163  7:48  Zergling x6  
  166  8:01  Overlord x2  
  166  8:02  Overlord  
  166  8:04  Zergling x20  
  176  8:20  Zergling x16  
  176  8:21  Zergling x6  
  176  8:26  Baneling x9  
  187  8:27  Baneling x2  
  187  8:28  Baneling x2  
  187  8:29  Baneling x2  
  187  8:30  Baneling  
  187  8:31  Baneling x2  
  187  8:32  Baneling  
  187  8:33  Baneling  
  187  8:50  Zergling x26  
  198  9:05  Zergling x4  
Tags
 
Add a new tag
Caveats
  • Supply blocks, unpowered buildings, or Contaminate may cause inaccurate times.
  • Supply counts are checked every 10 seconds.